 Dungeon Crawl Stone Soup version 0.30-a0-393-g54b8e3be05 (webtiles) character file.

Game seed: 9832782462315233062

1657 Kormanboo the Basher (level 8, -3/68 HPs)
             Began as a Minotaur Berserker on Dec 5, 2022.
             Was an Elder of Trog.
             Slain by a yak (8 damage)
             ... on level 5 of the Dungeon.
             The game lasted 00:23:02 (6593 turns).

Kormanboo the Basher (Minotaur Berserker)           Turns: 6593, Time: 00:23:03

Health: -3/68      AC:  6    Str: 25    XL:     8   Next: 68%
Magic:  7/7        EV: 11    Int:  4    God:    Trog [****..]
Gold:   354        SH:  5    Dex:  9    Spells: 7/7 levels left

rFire   . . .      SeeInvis .    a - +0 mace
rCold   + . .      Faith    .    (no shield)
rNeg    . . .      Spirit   .    B - +0 ring mail
rPois   .          Reflect  +    (helmet restricted)
rElec   .          Harm     .    (no cloak)
rCorr   +          Rampage  .    o - +0 pair of gloves
Will    +....                    (no boots)
Stlth   ..........               j - amulet of reflection
HPRegen 0.31/turn                z - ring of resist corrosion
MPRegen 0.10/turn                H - ring "Geos" {rC+ Will+}

@: on berserk cooldown, slowed, very slow
A: horns 2, retaliatory headbutt
a: Renounce Religion, Berserk, Trog's Hand, Brothers in Arms


You were on level 5 of the Dungeon.
You worshipped Trog.
Trog was greatly pleased with you.
You visited 1 branch of the dungeon, and saw 6 of its levels.

You collected 354 gold pieces.

Inventory:

Hand Weapons
 a - a +0 mace (weapon)
 d - a +0 dagger
 w - the +6 sling of Sunlight {drain, +Blink rC- rN+++ Stlth+}
   (You found it on level 4 of the Dungeon)

   A truly terrible weapon, it drains the life of any living foe it strikes.
   rC:        It makes you vulnerable to cold.
   rN:        It renders you almost immune to negative energy.
   +Blink:    It lets you blink.
   Stlth:     It makes you more stealthy.
Missiles
 i - 57 stones (quivered)
 E - a throwing net
Armour
 b - a +0 animal skin
 o - a +0 pair of gloves (worn)
 v - a +0 chain mail
 B - a +0 ring mail (worn)
Jewellery
 c - a ring of magical power
 j - an amulet of reflection (around neck)
 p - a ring of ice
 z - a ring of resist corrosion (left hand)
 H - the ring "Geos" (right hand) {rC+ Will+}
   (You found it on level 5 of the Dungeon)

   [ring of willpower]

   rC:        It protects you from cold.
   Will:      It increases your willpower.
Wands
 x - a wand of iceblast (19)
Scrolls
 e - a scroll of fear
 g - a scroll of poison {unknown}
 h - a scroll of blinking {unknown}
 n - a scroll of immolation {unknown}
 q - a scroll of teleportation {unknown}
 t - a scroll of acquirement {unknown}
 y - a scroll of enchant weapon {unknown}
 A - a scroll of magic mapping {unknown}
 C - 2 scrolls of torment {unknown}
 D - a scroll of identify
Potions
 f - 6 potions of lignification
 k - a potion of attraction {unknown}
 l - 2 potions of degeneration
 m - 2 potions of brilliance {unknown}
 r - 2 potions of haste {unknown}
 s - 2 potions of curing
 u - 2 potions of resistance {unknown}
 F - a potion of invisibility {unknown}
 G - a potion of magic {unknown}
 I - 2 potions of heal wounds {unknown}
Miscellaneous
 J - a phantom mirror


   Skills:
 - Level 5.0 Fighting
 * Level 12.6 Maces & Flails
 - Level 3.6 Armour
 - Level 3.2 Dodging


You had 7 spell levels left.
You didn't know any spells.
Your spell library was empty.

Dungeon Overview and Level Annotations

Branches:
Dungeon (6/15)             Temple (0/1) D:5

Altars:
Dithmenos
Nemelex Xobeh
Uskayaw
Vehumet
Yredelemnul

Shops:
D:3 =


Innate Abilities, Weirdness & Mutations

You have a pair of horns on your head.
You reflexively headbutt those who attack you in melee.


Message History

The yak is severely wounded.
You block the yak's attack. The yak gores you!
The scorpion stings you but does no damage.
You bludgeon the scorpion!!
You kill the scorpion!
Trog accepts your kill. You block the yak's attack. The yak gores you!
The orc priest invokes the aid of Beogh against you.
Beogh smites you!
* * * LOW HITPOINT WARNING * * *
A gnoll sergeant comes into view. It is wielding a +0 spear.
You climb upwards.
You feel a strong urge to attack something.
You are no longer berserk.
You are exhausted.
You feel yourself slow down.
There is a stone staircase leading down here.
You hit the orc wizard but do no damage.
You headbutt the orc wizard!
The orc wizard is heavily wounded.
You block the orc priest's attack. The yak barely misses you.
You furiously retaliate!
You headbutt the yak! You block the orc wizard's attack.
The yak closely misses you. The orc priest hits you with a +0 whip.
* * * LOW HITPOINT WARNING * * *
The orc wizard hits you with a +0 dagger.
* * * LOW HITPOINT WARNING * * *
The yak gores you!
* * * LOW HITPOINT WARNING * * *
The yak gores you but does no damage.
You feel better.
The orc priest mumbles some strange prayers to Beogh against you.
You resist with some effort. The yak gores you!
* * * LOW HITPOINT WARNING * * *
The yak closely misses you. You furiously retaliate!
You headbutt the yak. You block the orc wizard's attack.
You feel better. The orc priest hits you with a +0 whip.
* * * LOW HITPOINT WARNING * * *
The yak gores you!
You die...

##### ##.#.## ##.....#
####......# ####
##o#.#.....####...
##@Y.........#.....
###Y.o............... ###
##....................
##.####.....................
###....####.####..####.#...... ##
#.......##..#####..##..#..###.
.###............#.##...#......#..
###...............#..#...........
.#........#..........#...#..#....


You could see 2 yaks, an orc priest and an orc wizard.

Vanquished Creatures
  A yak (D:6)
  2 ogres
  2 scorpions
  2 necrophages
  A jelly (D:5)
  4 hounds (D:5)
  4 orc priests
  A gnoll bouda (D:5)
  Jessica (D:2)
  6 iguanas (D:5)
  Ijyb (D:3)
  8 orc wizards
  Robin (D:2)
  9 gnolls
  9 adders
  An ufetubus (D:4)
  3 worms
  5 dart slugs
  18 orcs
  3 endoplasms
  3 giant cockroaches (D:4)
  47 goblins
  26 hobgoblins
  7 jackals
  A quokka (D:2)
  8 ball pythons
  2 bats (D:1)
  5 frilled lizards
  12 kobolds
  9 rats
202 creatures vanquished.

Vanquished Creatures (others)
  2 plants (D:1)
2 creatures vanquished.

Grand Total: 204 creatures vanquished

Notes
Turn   | Place    | Note
-------+----------+-------------------------------------------
     0 | D:1      | Kormanboo the Minotaur Berserker began the quest for the
                  | Orb.
     0 | D:1      | Reached XP level 1. HP: 19/19 MP: 0/0
    37 | D:1      | Reached XP level 2. HP: 26/27 MP: 1/1
   549 | D:1      | Reached skill level 4 in Maces & Flails
   598 | D:1      | Reached ** piety under Trog
   607 | D:1      | Reached XP level 3. HP: 33/33 MP: 2/2
   852 | D:2      | Noticed Jessica
   857 | D:2      | Killed Jessica
   921 | D:2      | Reached XP level 4. HP: 41/41 MP: 3/3
  1587 | D:2      | Noticed Robin
  1591 | D:2      | Killed Robin
  1950 | D:3      | You fall into a shaft and drop 1 floor!
  1973 | D:4      | Identified the +6 sling of Sunlight {drain, +Blink rC-
                  | rN+++ Stlth+}
  2024 | D:4      | Reached skill level 5 in Maces & Flails
  2097 | D:4      | Reached XP level 5. HP: 47/47 MP: 4/4
  2099 | D:4      | Reached *** piety under Trog
  2216 | D:4      | Reached skill level 5 in Fighting
  2444 | D:4      | Reached skill level 6 in Maces & Flails
  2619 | D:4      | Reached **** piety under Trog
  2620 | D:4      | Reached XP level 6. HP: 56/56 MP: 5/5
  2989 | D:3      | Found Quhol's Jewellery Shoppe.
  3302 | D:3      | Found a hide-covered altar of Uskayaw.
  3307 | D:3      | Found a radiant altar of Vehumet.
  3307 | D:3      | Found a basalt altar of Yredelemnul.
  3307 | D:3      | Noticed Ijyb
  3316 | D:3      | Killed Ijyb
  3458 | D:3      | Found a shadowy altar of Dithmenos.
  3462 | D:3      | Found a sparkling altar of Nemelex Xobeh.
  3696 | D:3      | Reached skill level 7 in Maces & Flails
  4257 | D:4      | Reached skill level 8 in Maces & Flails
  4257 | D:4      | Reached XP level 7. HP: 61/61 MP: 6/6
  4881 | D:5      | Entered Level 5 of the Dungeon
  4905 | D:5      | Found a staircase to the Ecumenical Temple.
  5028 | D:5      | Reached skill level 9 in Maces & Flails
  5427 | D:5      | Reached skill level 10 in Maces & Flails
  5676 | D:5      | Reached XP level 8. HP: 64/68 MP: 7/7
  5844 | D:5      | Identified the ring "Geos" {rC+ Will+}
  6034 | D:5      | Reached skill level 11 in Maces & Flails
  6583 | D:6      | Reached skill level 12 in Maces & Flails
  6591 | D:5      | HP: 1/68 [yak (14)]
  6593 | D:5      | Slain by a yak

Illustrated notes

Levels and vault maps discovered:
D:1:      pf_arrival_petrified_forest, layout_rooms, serial_forest,
          infiniplex_forest_straight_3, infiniplex_forest_lined_3,
          infiniplex_forest_lined_3, infiniplex_forest_clump_diagonal,
          infiniplex_forest_lined_corner, infiniplex_forest_straight_2
D:2:      layout_loops_cross, uniq_robin, uniq_jessica
D:3:      layout_basic, minmay_overflow_temple_star_hex, serial_shops,
          nicolae_shop_statue_plus, uniq_ijyb
D:4:      minmay_goblin_kobold_castle, layout_basic, minmay_quadrilaterals
D:5:      minmay_octagon_keep, layout_cave_pools, minmay_temple_entry_arrows,
          kennysheep_small_spiral
D:6:      layout_rooms, dk_vineyard_2

Skill      XL: |  1  2  3  4  5  6  7  8 |
---------------+-------------------------+-----
Fighting       | 4 5 |  5.0
Maces & Flails | 4 5 6 8 10 12 | 12.6
Armour         | 3 |  3.6
Dodging        | 3 |  3.2

Action                   |  1- 3 |  4- 6 |  7- 9 || total
-------------------------+-------+-------+-------++-------
Melee: Mace              |    58 |   246 |   144 ||   448
       Headbutt          |     8 |    40 |    30 ||    78
       Punch             |     2 |     1 |       ||     3
Invok: Berserk           |       |     2 |     5 ||     7
 Abil: Evoke Blink       |       |     1 |       ||     1
  Use: Scroll            |       |     4 |       ||     4
       Potion            |       |       |     2 ||     2
Armor: Animal skin       |    11 |     6 |       ||    17
       Chain mail        |       |    90 |       ||    90
       Ring mail         |       |     4 |    26 ||    30
Dodge: Dodged            |    47 |   124 |    62 ||   233
Block: Other             |     3 |    60 |    22 ||    85
       Reflection        |       |     9 |       ||     9

Table legend: (Time is in decaauts)
 A = Elapsed time spent in this place.
 B = Non-inter-level travel time spent in this place.
 C = Inter-level travel time spent in this place.
 D = Time resting spent in this place.
 E = Time spent auto-exploring this place.
 F = Levels seen in this place.
 G = Mean time per level.
                   A        B        C        D        E       F      G
               +--------+--------+--------+--------+--------+-----+--------+
         Total |   6669 |   6606 |     63 |   2474 |   2659 |   6 | 1111.5 |
       Dungeon |   6669 |   6606 |     63 |   2474 |   2659 |   6 | 1111.5 |
               +--------+--------+--------+--------+--------+-----+--------+

Top non-repeatable levels by time:
     D:4: 1943 daAuts
     D:5: 1716 daAuts
     D:3: 1130 daAuts
     D:2: 1095 daAuts
     D:1: 774 daAuts
     D:6: 10 daAuts
